AoeStats
← LM | TornardoBriese

Arabia

505495376Analyzed
1v1 RM · 23d ago on Sep 9, 2026· 40m 18s· 2 players
Game mode
Random Map
Map size
Tiny (2 player)
Population
200
Speed
Normal
Resources
Standard
Victory
Conquest
Starting age
Dark Age
Ending age
Imperial Age
RankedLock teamsTeams togetherTeam positionsShared explorationLock speedFull tech treeHidden civsTurbo modeCheats
Victory
Defeat
🇦🇷 Khmer · Argentina
1190
+17
🇨🇭 Bulgarians · Switzerland
1215
-17
Plastic Sturgeon
9:01 Loom
11:02 Feudal Age
14:50 Castle Age
13:41 Double-Bit Axe
16:34 Bow Saw
16:05 Horse Collar
21:54 Stone Mining
22:14 Heavy Plow
23:27 Wheelbarrow
22:37 Town Watch
22:55 Gold Mining
23:52 Town Watch
25:57 Hand Cart
25:43 Town Patrol
26:06 Fletching
27:50 Bodkin Arrow
29:09 Ballistics
29:08 Murder Holes
29:33 Scale Barding Armor
29:48 Redemption
33:15 Imperial Age
32:29 Masonry
33:19 Chain Barding Armor
33:55 Tusk Swords
34:57 Plate Barding Armor
34:45 Elite Ballista Elephant
36:33 Architecture
39:46 Siege Engineers
40:06 Double Crossbow
40:06 Tusk Swords
LM | TornardoBriese
6:50 Loom
9:29 Feudal Age
13:43 Double-Bit Axe
20:21 Castle Age
18:55 Horse Collar
19:07 Gold Mining
21:21 Bow Saw
22:42 Wheelbarrow
22:50 Heavy Plow
26:43 Hand Cart
28:34 Bloodlines
28:25 Husbandry
31:33 Imperial Age
29:47 Light Cavalry
33:35 Chemistry
32:46 Scale Barding Armor
32:51 Forging
36:36 Iron Casting
36:29 Onager
38:20 Pikeman
Connection lost

Rejoining the realm…

Still unreachable

The connection could not be restored.

Session expired

The server has moved on; the page needs a fresh start.